 Dungeon Crawl Stone Soup version 0.25-a0-804-g50c693f (webtiles) character file.

Game seed: 9521594801419477003, levelgen mode: deterministic

29979 BlueFish the Thaumaturge (level 13, -4/98 HPs)
             Began as a Mummy Wizard on Apr 19, 2020.
             Was an Elder of Kikubaaqudgha.
             Slain by a torpor snail (15 damage)
             ... on level 6 of the Lair of Beasts.
             The game lasted 01:31:18 (31142 turns).

BlueFish the Thaumaturge (Mummy Wizard)            Turns: 31142, Time: 01:31:19

Health: -4/98      AC: 15    Str: 10    XL:     13   Next: 18%
Magic:  28/30      EV: 16    Int: 23    God:    Kikubaaqudgha [****..]
Gold:   1103       SH:  0    Dex: 17    Spells: 6/39 levels left

rFire    . . .     SeeInvis .   w - staff of death
rCold    + . .     Gourm    .   (no shield)
rNeg     + + +     Faith    +   a - +0 robe
rPois    ∞         Spirit   .   C - +5 hat of Entitlement {rF+ Dex+7}
rElec    .         Reflect  .   (no cloak)
rCorr    .         Harm     .   k - +2 pair of gloves
MR       +....                  n - +0 pair of boots
Stlth    ++++......             D - amulet of faith
HPRegen  0.26/turn              g - ring of flight
MPRegen  0.22/turn              u - +4 ring of protection

@: slowed, very slow
A: no food or potions, fire vulnerability, cold resistance 1, negative energy
resistance 3, torment resistance, unbreathing, in touch with death 1
a: Receive Corpses, Renounce Religion, Evoke Flight


You were on level 6 of the Lair of Beasts.
You worshipped Kikubaaqudgha.
Kikubaaqudgha was greatly pleased with you.
You were not hungry.

You visited 3 branches of the dungeon, and saw 18 of its levels.

You collected 1103 gold pieces.

Inventory:

Hand Weapons
 z - the +8 whip "Snakebite" {curare, rPois}
   (You found it on level 1 of the Lair of Beasts)

   It poisons the flesh of those it strikes.
   It protects you from poison.
Armour
 a - a +0 robe (worn)
 k - a +2 pair of gloves (worn)
 n - a +0 pair of boots (worn)
 C - the +5 hat of Entitlement (worn) {rF+ Dex+7}
   (You found it on level 3 of the Lair of Beasts)

   It affects your dexterity (+7).
   It protects you from fire.
Magical Staves
 v - an uncursed staff of wizardry
 w - an uncursed staff of death (weapon)
Jewellery
 d - a +2 amulet of reflection
 g - a ring of flight (left hand)
 u - a +4 ring of protection (right hand)
 D - an amulet of faith (around neck)
 E - an uncursed ring of protection from cold {unknown}
Wands
 h - a wand of acid (35)
 p - a wand of paralysis (2)
 t - a wand of iceblast (12)
 x - a wand of disintegration (16)
 y - a wand of digging (5)
Scrolls
 b - 3 scrolls of fog
 c - 7 scrolls of amnesia
 e - 4 scrolls of enchant armour
 f - 4 scrolls of immolation
 i - 5 scrolls of teleportation
 j - 4 scrolls of remove curse
 l - a scroll of noise
 m - 5 scrolls of fear
 o - 3 scrolls of magic mapping
 q - 3 scrolls of vulnerability
 r - 3 scrolls of identify
 s - 2 scrolls of blinking
 A - a scroll of holy word
 B - 2 scrolls of brand weapon


   Skills:
 * Level 8.2 Fighting
 + Level 1.2(1.6) Maces & Flails
   Level 3.8(4.0) Polearms
 + Level 1.5(3.1) Staves
 * Level 6.3 Dodging
 * Level 7.2 Stealth
 + Level 0.1 Unarmed Combat
 + Level 13.7 Spellcasting
 + Level 2.8 Conjurations
 + Level 3.2 Summonings
 * Level 9.0 Necromancy
 + Level 1.0 Translocations
 + Level 2.1 Air Magic
 + Level 1.6 Poison Magic
 * Level 5.9 Evocations


You had 6 spell levels left.
You knew the following spells:

 Your Spells              Type           Power        Failure   Level  Hunger
a - Pain                  Necr           ####         1%          1    N/A
b - Blink                 Tloc           N/A          3%          2    N/A
c - Call Imp              Summ           ####....     1%          2    N/A
d - Slow                  Hex            ###.....     6%          2    N/A
e - Mephitic Cloud        Conj/Pois/Air  ####....     4%          3    N/A
f - Magic Dart            Conj           ####         1%          1    N/A
g - Vampiric Draining     Necr           #######...   1%          3    N/A
h - Corpse Rot            Necr/Air       N/A          1%          2    N/A
i - Summon Lightning Spi  Summ/Air       ####....     13%         4    N/A
j - Dispel Undead         Necr           #######.     1%          4    N/A
k - Agony                 Necr           #######.     2%          5    N/A
l - Animate Dead          Necr           N/A          1%          4    N/A

Your spell library contained the following spells:

 Spells                   Type           Power        Failure   Level  Hunger
 Animate Skeleton         Necr           N/A          1%          1    N/A
 Summon Small Mammal      Summ           ####         1%          1    N/A
 Foxfire                  Conj/Fire      ###.         2%          1    N/A
 Sting                    Tmut/Pois      ###.         2%          1    N/A
 Poisonous Vapours        Pois/Air       ###...       2%          2    N/A
 Call Canine Familiar     Summ           ####....     3%          3    N/A
 Conjure Flame            Conj/Fire      ###.....     6%          3    N/A
 Summon Guardian Golem    Hex/Summ       ###.....     6%          3    N/A
 Ignite Poison            Fire/Tmut/Pois ###.....     10%         3    N/A
 Inner Flame              Hex/Fire       ###.....     12%         3    N/A
 Death Channel            Necr           #######...   14%         6    N/A
 Excruciating Wounds      Chrm/Necr      ######....   17%         5    N/A
 Olgreb's Toxic Radiance  Pois           ###.....     21%         4    N/A
 Summon Ice Beast         Ice/Summ       ###.....     21%         4    N/A
 Sticky Flame             Conj/Fire      ###.....     22%         4    N/A
 Fireball                 Conj/Fire      ###.......   52%         5    N/A

Dungeon Overview and Level Annotations

Branches:
Dungeon (11/15)            Temple (1/1) D:7            Lair (6/6) D:11
 Shoals (0/4) Lair:3       Spider (0/4) Lair:2        Slime (0/5) Lair:5
    Orc (0/2) D:9

Altars:
Ashenzari
Cheibriados
Dithmenos
Elyvilon
Fedhas
Gozag
Hepliaklqana
Kikubaaqudgha
Makhleb
Nemelex Xobeh
Okawaru
Qazlal
Ru
Sif Muna
Trog
Uskayaw
Vehumet
Wu Jian
Xom
Yredelemnul
Zin
The Shining One
Beogh
Jiyva

Shops:
D:6 *

Annotations:
D:11 2 runed translucent doors
Lair:2 Harold
Lair:6 exclusions: hydra and oklob plant


Innate Abilities, Weirdness & Mutations

You do not eat or drink.
Your flesh is vulnerable to fire.
You are immune to poison.
Your flesh is cold resistant. (rC+)
You are immune to negative energy. (rN+++)
You are immune to unholy pain and torment.
You can survive without breathing.
You are in touch with the powers of death.


Message History

A death yak, a spiny frog, a lindwurm and a torpor snail come into view.
Being near the torpor snail leaves you feeling lethargic.
Found four items.
Press: ? - help, v - describe, . - travel, g - get item A dog-eared metal-bound book.
The floor.
You hit the death yak but do no damage.
The lindwurm roars!
The dream sheep bites you but does no damage.
The death yak gores you!! The torpor snail barely misses you.
The death yak closely misses you.
The spiny frog gives a loud, deep croak!
The lindwurm breathes flames at you. The blast of flame hits you!!
* * * LOW HITPOINT WARNING * * *
The torpor snail misses you.
The death yak gores you but does no damage.
The torpor snail bites you!
You die...
Kikubaaqudgha rasps: "You have failed me!
Welcome... oblivion!"

# ###.P.### ##
####P......#### .###
#.#..Y.Y..Y...###
...####....#####......#
....#..........#Y.....#
..P###P....#...#..Y..##
.###.###.......#...#.P#
..#.......########D..##
#.#...#.#..P##.$@YY#..#
..#.........##(?Ywk..##
..#####.....##.:Fk..##
...........###.....##
..# ....†..P#.##
#....## .<.##
###.P.##### #######
...P# ####### ###..
$...## .#### ....#
.....# ....#
#.P##......#


You could see a death yak, an eight-headed hydra, a torpor snail, a lindwurm, a
spiny frog, a rime drake and 2 dream sheep.

Vanquished Creatures
  A hydra (Lair:5)
  A two-headed ogre (D:8)
  3 death yaks
  Pikel (D:7)
  A cyclops (D:11)
  2 elephants (Lair:6)
  2 merfolk sirens (Lair:3)
  8 black mambas
  A torpor snail (Lair:4)
  2 rime drakes
  10 spiny frogs
  7 komodo dragons
  3 merfolk
  2 trolls
  A polar bear (Lair:5)
  10 blink frogs
  2 hippogriffs
  2 wyverns
  A basilisk (Lair:6)
  14 yaks
  Menkaure (D:6)
  2 wargs
  19 water moccasins
  8 porcupines
  A black bear (D:6)
  2 orc warriors (D:11)
  An ice beast (D:10)
  A necrophage (D:7)
  4 centaurs
  3 ogres
  6 crocodiles
  11 bullfrogs
  4 scorpions
  4 killer bees (D:9)
  A howler monkey (D:11)
  4 crimson imps
  A bullfrog zombie (D:10)
  2 jellies
  5 hounds
  2 centaur zombies (D:7)
  8 orc priests
  3 centaur skeletons
  3 iguanas
  10 orc wizards
  4 bullfrog skeletons
  6 worker ants
  2 hound skeletons
  A worker ant zombie (D:10)
  4 gnolls
  12 adders
  9 river rats (D:6)
  A shadow imp (D:10)
  An adder zombie (D:5)
  2 worms (D:3)
  A dart slug (D:2)
  2 leopard geckos (D:6)
  37 orcs
  7 bats
  7 giant cockroaches
  3 goblins
  7 hobgoblins
  4 jackals (D:5)
  3 kobolds
  15 quokkas
  A ball python (D:5)
  2 frilled lizards
  A jackal skeleton (D:7)
  A quokka zombie (D:8)
  22 rats
335 creatures vanquished.

Vanquished Creatures (collateral kills)
  A hydra (Lair:5)
  A two-headed ogre (D:10)
  A spiny frog (Lair:5)
  A komodo dragon (Lair:3)
  2 rime drakes
  A troll (D:9)
  Prince Ribbit (D:5)
  3 hippogriffs
  3 blink frogs
  Sigmund (D:5)
  3 yaks
  2 hungry ghosts
  2 water moccasins (Lair:3)
  2 orc warriors (D:9)
  2 ogres
  A necrophage (D:7)
  2 sky beasts
  2 centaurs (D:9)
  2 crocodiles
  3 bullfrogs
  A water moccasin zombie (D:10)
  A scorpion (D:8)
  A killer bee (D:9)
  A howler monkey (D:5)
  7 wights (D:10)
  6 crimson imps
  A jelly (D:5)
  2 bullfrog zombies
  A centaur zombie (D:9)
  A hound (D:9)
  A bullfrog skeleton (D:9)
  2 orc wizards
  An iguana (D:4)
  3 worker ants (D:9)
  A howler monkey zombie (D:4)
  2 gnolls (D:3)
  2 adders
  6 orcs
  A bat (D:3)
  A hobgoblin (D:1)
  5 jackals (D:2)
  A kobold (D:2)
  A rat (D:6)
85 creatures vanquished.

Vanquished Creatures (others)
  An ice beast (D:7)
  A sky beast (D:7)
  An orc priest (D:7)
  A shadow imp (D:7)
  2 orcs (D:7)
  A bush (D:11)
  11 fungi
  9 plants
27 creatures vanquished.

Grand Total: 447 creatures vanquished

Notes
Turn   | Place    | Note
-------+----------+-------------------------------------------
     0 | D:1      | BlueFish the Mummy Wizard began the quest for the Orb.
     0 | D:1      | Reached XP level 1. HP: 13/13 MP: 5/5
   526 | D:1      | Reached XP level 2. HP: 11/19 MP: 0/7
   530 | D:1      | Learned a level 2 spell: Blink
   533 | D:1      | Learned a level 2 spell: Call Imp
   536 | D:1      | Learned a level 2 spell: Slow
  1506 | D:2      | You fall into a shaft and drop 2 floors!
  1725 | D:3      | Reached XP level 3. HP: 25/25 MP: 5/9
  1730 | D:3      | Learned a level 3 spell: Mephitic Cloud
  1860 | D:3      | Found an ornate altar of the Wu Jian Council.
  1999 | D:2      | Reached skill level 1 in Fighting
  2568 | D:2      | Reached skill level 5 in Spellcasting
  2787 | D:2      | Reached XP level 4. HP: 26/32 MP: 0/11
  3292 | D:2      | Reached skill level 1 in Conjurations
  4997 | D:3      | Reached XP level 5. HP: 21/38 MP: 1/13
  5599 | D:4      | Reached skill level 1 in Summonings
  5753 | D:4      | Reached skill level 6 in Spellcasting
  5805 | D:4      | Noticed a sky beast
  5825 | D:4      | Killed a sky beast
  5984 | D:4      | Reached XP level 6. HP: 44/44 MP: 11/15
  6076 | D:4      | Found a hazy altar of Hepliaklqana.
  6639 | D:5      | Entered Level 5 of the Dungeon
  6750 | D:5      | Noticed Prince Ribbit
  7379 | D:5      | Killed Prince Ribbit
  7379 | D:5      | Reached skill level 1 in Maces & Flails
  7379 | D:5      | Reached skill level 7 in Spellcasting
  7379 | D:5      | Reached XP level 7. HP: 8/51 MP: 3/17
  7788 | D:5      | Noticed Sigmund
  7944 | D:5      | Killed Sigmund
  8045 | D:5      | Found a hide-covered altar of Uskayaw.
  8049 | D:5      | Found a shimmering blue altar of Sif Muna.
  8052 | D:5      | Found a glowing silver altar of Zin.
  8476 | D:6      | Reached skill level 1 in Evocations
  8820 | D:6      | Reached XP level 8. HP: 50/58 MP: 9/19
  8917 | D:6      | Found Voopam's Assorted Antiques.
  8988 | D:6      | Noticed Menkaure
  9416 | D:6      | Killed Menkaure
  9416 | D:6      | Reached skill level 8 in Spellcasting
  9632 | D:7      | Noticed Pikel
  9706 | D:7      | Reached skill level 1 in Polearms
 10073 | D:6      | Reached skill level 1 in Air Magic
 10424 | D:7      | Killed Pikel
 10424 | D:7      | Reached XP level 9. HP: 52/65 MP: 15/21
 10811 | D:7      | Found a staircase to the Ecumenical Temple.
 10820 | Temple   | Entered the Ecumenical Temple
 11377 | D:8      | Reached skill level 9 in Spellcasting
 11388 | D:8      | Noticed a two-headed ogre
 11411 | D:8      | Killed a two-headed ogre
 11411 | D:8      | Reached skill level 5 in Fighting
 11411 | D:8      | Reached skill level 1 in Poison Magic
 11559 | Temple   | Became a worshipper of Kikubaaqudgha
 12000 | D:8      | Reached skill level 5 in Stealth
 12577 | D:9      | Reached XP level 10. HP: 73/74 MP: 13/23
 13226 | D:9      | Found a staircase to the Orcish Mines.
 13450 | D:9      | Reached * piety under Kikubaaqudgha
 13450 | D:9      | Identified Kikubaaqudgha's Disquisition on Stolen Souls
                  | (Kikubaaqudgha gifted it to you on level 9 of the Dungeon)
 13450 | D:9      | Received a gift from Kikubaaqudgha
 13727 | D:9      | Found a shadowy altar of Dithmenos.
 13730 | D:9      | Learned a level 1 spell: Pain
 13734 | D:9      | Learned a level 3 spell: Vampiric Draining
 13737 | D:9      | Learned a level 2 spell: Corpse Rot
 13742 | D:9      | Learned a level 4 spell: Summon Lightning Spire
 13952 | D:10     | Entered Level 10 of the Dungeon
 13952 | D:10     | Noticed a two-headed ogre
 14864 | D:10     | Killed a two-headed ogre
 14864 | D:10     | Reached skill level 10 in Spellcasting
 14864 | D:10     | Reached skill level 1 in Necromancy
 16372 | D:11     | Noticed a fire dragon
 16372 | D:11     | Noticed a cyclops
 16372 | D:11     | Noticed an ice dragon
 16373 | D:11     | Noticed a fire dragon
 17209 | D:11     | Reached ** piety under Kikubaaqudgha
 17294 | D:11     | Noticed an ice dragon
 17413 | D:11     | Found the +2 shield of Resistance {rF+ rC+ MR+}
 17413 | D:11     | Found a runed translucent door.
 17754 | D:11     | Reached skill level 11 in Spellcasting
 17754 | D:11     | Reached XP level 11. HP: 45/82 MP: 10/26
 17883 | D:11     | Identified the +1 leather armour of the Salmon {rN++ rCorr
                  | Dex-4 Stlth+}
 18313 | D:11     | Identified a scroll of acquirement
 18382 | D:11     | Found a staircase to the Lair.
 18639 | D:11     | Found a roughly hewn altar of Beogh.
 18836 | D:11     | Found a runed translucent door.
 19063 | Lair:1   | Entered Level 1 of the Lair of Beasts
 20181 | Lair:1   | Noticed a six-headed hydra
 20791 | Lair:2   | Found a hole to the Spider Nest.
 20964 | Lair:2   | Reached skill level 5 in Dodging
 21097 | Lair:2   | Noticed a six-headed hydra
 21375 | Lair:2   | Noticed a five-headed hydra
 21420 | Lair:1   | Reached skill level 12 in Spellcasting
 21597 | Lair:2   | Reached skill level 5 in Necromancy
 21645 | Lair:2   | Noticed a seven-headed hydra
 22450 | Lair:1   | Found the +8 whip "Snakebite" {curare, rPois}
 22566 | Lair:1   | Reached *** piety under Kikubaaqudgha
 22566 | Lair:1   | Identified Kikubaaqudgha's Compendium of Dark Arts
                  | (Kikubaaqudgha gifted it to you on level 1 of the Lair of
                  | Beasts)
 22566 | Lair:1   | Received a gift from Kikubaaqudgha
 22566 | Lair:1   | Reached skill level 1 in Staves
 22574 | Lair:1   | Learned a level 4 spell: Dispel Undead
 22580 | Lair:1   | Learned a level 5 spell: Agony
 22585 | Lair:1   | Learned a level 4 spell: Animate Dead
 23301 | Lair:2   | Noticed Harold
 24105 | Lair:3   | Reached skill level 5 in Evocations
 24105 | Lair:3   | Reached XP level 12. HP: 81/91 MP: 22/28
 24970 | Lair:3   | Got a transparent hat
 24981 | Lair:3   | Identified the +5 hat of Entitlement {rF+ Dex+7} (You found
                  | it on level 3 of the Lair of Beasts)
 25011 | Lair:3   | Found a staircase to the Shoals.
 26102 | Lair:4   | Reached skill level 13 in Spellcasting
 26472 | Lair:4   | Noticed a death yak
 26497 | Lair:4   | Killed a death yak
 26600 | Lair:4   | Noticed a death yak
 26626 | Lair:4   | Killed a death yak
 27504 | Lair:4   | Noticed a five-headed hydra
 27559 | Lair:4   | Learned a level 4 spell: Olgreb's Toxic Radiance
 27782 | Lair:5   | Found a staircase to the Slime Pits.
 27782 | Lair:5   | Found a viscous altar of Jiyva.
 27792 | Lair:5   | Reached skill level 1 in Translocations
 27917 | Lair:5   | Noticed a five-headed hydra
 28141 | Lair:5   | Reached **** piety under Kikubaaqudgha
 28358 | Lair:5   | Noticed an eight-headed hydra
 28773 | Lair:5   | Killed an eight-headed hydra
 28997 | Lair:5   | Killed a five-headed hydra
 29524 | Lair:6   | Entered Level 6 of the Lair of Beasts
 29524 | Lair:6   | Noticed a five-headed hydra
 29667 | Lair:6   | Gained mutation: You are in touch with the powers of death.
                  | [Mummy growth]
 29667 | Lair:6   | Reached XP level 13. HP: 64/98 MP: 24/30
 31142 | Lair:6   | Slain by a torpor snail

Levels and vault maps discovered:
D:1:      giann_bridges, layout_basic
D:2:      layout_basic
D:3:      layout_basic, overflow_temple_1_default, minmay_starry_boxes
D:4:      layout_loops_corners, marbit_many_paths, serial_bayou_lake_a
D:5:      layout_rooms, minmay_overflow_temple_star_quad, first_ration,
          uniq_prince_ribbit1, uniq_sigmund
D:6:      lemuel_ratsnest, layout_basic, serial_shops, shop, serial_glass,
          glass_columns_b, glass_columns_a, uniq_menkaure
D:7:      layout_cave_pools, minmay_temple_entry_purple_smoke, uniq_pikel
D:8:      layout_basic
D:9:      layout_irregular_city, grunt_dithmenos_smoke_and_mirrors, david_orc_2
D:10:     layout_rooms
D:11:     layout_loops_ring, erik_lair_orcish_takeover, special_room
          [special_room_orc], hangedman_fish_farm, kb_lookout_dungeons_type,
          minmay_guarded_unrand_resistance
Temple:   nicolae_temple_elliptical
Lair:1:   minmay_guarded_unrand_snakebite, layout_gridlike,
          chequers_serial_rivers_large_a, serial_bayou_shore_a,
          grunt_megastairs_3
Lair:2:   layout_gridlike, spider_nest_entry_webs, chequers_serial_rivers_marsh,
          grunt_megastairs_4, uniq_harold
Lair:3:   wad_woods_pond, layout_chaotic_city, elwin_shoals_entry_stream,
          st_stairs_6
Lair:4:   cheibrodos_lair_river_kwai, layout_small_grid, grunt_megastairs_5
Lair:5:   layout_loops_ring, slime_altar_1, infiniplex_staircase_pool
Lair:6:   hangedman_lair_in_review, layout_cave_pods, guppyfry_lair_end_dragon

Skill      XL: |  1  2  3  4  5  6  7  8  9 10 11 12 13 |
---------------+----------------------------------------+-----
Stealth        | 2 3 4 5 6 7 |  7.2
Fighting       | 1 2 3 4 5 6 7 8 |  8.2
Spellcasting   | 5 6 7 8 9 11 12 13 | 13.7
Conjurations   | 1 2 |  2.8
Dodging        | 2 3 4 5 6 |  6.3
Summonings     | 1 2 3 |  3.2
Maces & Flails | 1 |  1.2
Evocations     | 1 2 3 4 5 |  5.9
Polearms       | 2 3 |  3.8
Air Magic      | 1 2 |  2.1
Poison Magic   | 1 |  1.6
Necromancy     | 3 5 8 9 |  9.0
Staves         | 1 |  1.5
Translocations | 1 |  1.0
Unarmed Combat | |  0.1

Action                   |  1- 3 |  4- 6 |  7- 9 | 10-12 | 13-15 || total
-------------------------+-------+-------+-------+-------+-------++-------
Melee: Unarmed           |    28 |       |       |       |       ||    28
       Dagger            |    26 |     7 |       |       |       ||    33
       Whip              |       |   130 |    15 |       |       ||   145
       Scythe            |       |       |   222 |       |       ||   222
       Staff             |       |       |    29 |   733 |    44 ||   806
       Punch             |       |       |       |     1 |       ||     1
 Cast: Magic Dart        |    80 |   149 |   124 |    84 |     9 ||   446
       Call Imp          |     8 |    27 |    31 |   102 |       ||   168
       Mephitic Cloud    |       |     8 |    27 |    37 |     3 ||    75
       Blink             |       |     2 |     1 |    21 |     7 ||    31
       Pain              |       |       |       |   371 |    22 ||   393
       Vampiric Draining |       |       |       |   224 |    24 ||   248
       Summon Lightning  |       |       |       |    14 |       ||    14
       Animate Dead      |       |       |       |    17 |     3 ||    20
       Agony             |       |       |       |     7 |       ||     7
       Olgreb's Toxic Ra |       |       |       |     3 |       ||     3
  Use: Scroll            |     7 |     4 |     2 |     9 |       ||    22
 Stab: Confused          |       |     7 |     4 |     7 |     1 ||    19
       Sleeping          |       |       |     3 |     5 |       ||     8
       Distracted        |       |       |       |     2 |       ||     2
Armor: Robe              |    19 |    41 |    83 |   307 |    30 ||   480
Dodge: Dodged            |    51 |    90 |   198 |   753 |    52 ||  1144
Block: Other             |     3 |    12 |    21 |    65 |       ||   101

Table legend:
 A = Non-vault XP
 B = Vault XP
 C = Vault XP percentage of total XP
 D = Non-vault monster count
 E = Vault monster count
 F = Vault count percentage of total count
                 A         B        C        D         E       F
            +---------+---------+-------+---------+---------+-------
      Total |   29948 |   12880 |  30.1 |     306 |     116 |  27.5
            +---------+---------+-------+---------+---------+-------
        D:1 |      19 |       0 |   0.0 |      11 |       0 |   0.0
        D:2 |      87 |       0 |   0.0 |      24 |       0 |   0.0
        D:3 |      96 |      36 |  27.3 |      19 |       6 |  24.0
        D:4 |     166 |       2 |   1.2 |       8 |       1 |  11.1
        D:5 |     417 |     358 |  46.2 |      19 |       2 |   9.5
        D:6 |     542 |     303 |  35.9 |      22 |      39 |  63.9
        D:7 |    1028 |     635 |  38.2 |      23 |       1 |   4.2
        D:8 |    1828 |       0 |   0.0 |      16 |       0 |   0.0
        D:9 |    1227 |     166 |  11.9 |      26 |       6 |  18.8
       D:10 |    2521 |     170 |   6.3 |      38 |       1 |   2.6
       D:11 |    1919 |    1260 |  39.6 |      16 |      25 |  61.0
     Lair:1 |    3183 |    1889 |  37.2 |      14 |      11 |  44.0
     Lair:2 |    2615 |       0 |   0.0 |      12 |       0 |   0.0
     Lair:3 |    3723 |    2173 |  36.9 |      22 |       7 |  24.1
     Lair:4 |    3721 |    1719 |  31.6 |      11 |       6 |  35.3
     Lair:5 |    5830 |    1324 |  18.5 |      20 |       2 |   9.1
     Lair:6 |    1026 |    2845 |  73.5 |       5 |       9 |  64.3
            +---------+---------+-------+---------+---------+-------
